AoeStats
← j-ziel

Arabia

508909692Analyzed
1v1 RM · 8d ago on Sep 24, 2026· 58m 53s· 2 players
Game mode
Random Map
Map size
Tiny (2 player)
Population
200
Speed
Normal
Resources
Standard
Victory
Conquest
Starting age
Dark Age
Ending age
Imperial Age
RankedLock teamsTeams togetherTeam positionsShared explorationLock speedFull tech treeHidden civsTurbo modeCheats
Victory
Defeat
🇨🇭 Lithuanians · Switzerland
1287
+16
🇩🇪 Spanish · Germany
1296
-16
Valdegard
7:08 Loom
9:36 Feudal Age
10:06 Double-Bit Axe
11:50 Horse Collar
18:22 Castle Age
17:03 Gold Mining
18:42 Scale Barding Armor
19:14 Wheelbarrow
22:27 Husbandry
26:20 Chain Barding Armor
37:50 Imperial Age
35:07 Town Watch
35:38 Hand Cart
36:20 Forging
36:50 Ballistics
37:40 Iron Casting
36:57 Fletching
37:09 Stone Mining
37:34 Bow Saw
37:55 Cavalier
38:46 Bloodlines
38:03 Elite Skirmisher
39:54 Plate Barding Armor
40:06 Bodkin Arrow
42:37 Thumb Ring
42:35 Bracer
42:35 Padded Archer Armor
43:34 Paladin
45:16 Conscription
44:58 Hill Forts
45:53 Leather Archer Armor
46:50 Chemistry
52:41 Ring Archer Armor
53:51 Heavy Plow
54:55 Two-Man Saw
56:21 Murder Holes
56:36 Fortified Wall
57:52 Tower Shields
j-ziel
6:07 Loom
9:11 Feudal Age
9:57 Double-Bit Axe
11:13 Horse Collar
20:49 Castle Age
19:50 Bloodlines
19:53 Gold Mining
20:44 Scale Mail Armor
21:36 Fletching
22:03 Husbandry
32:37 Sanctity
32:53 Ballistics
34:06 Wheelbarrow
34:56 Padded Archer Armor
36:18 Bow Saw
36:11 Heavy Plow
39:52 Imperial Age
37:24 Pikeman
39:47 Stone Mining
40:01 Halberdier
41:03 Chain Mail Armor
40:58 Forging
41:19 Leather Archer Armor
41:31 Bodkin Arrow
43:58 Squires
44:57 Ring Archer Armor
45:29 Gambesons
45:45 Town Watch
46:43 Conscription
47:20 Forging
47:59 Stone Shaft Mining
48:50 Chemistry
48:14 Scale Barding Armor
48:45 Iron Casting
48:46 Masonry
48:58 Light Cavalry
51:34 Hand Cart
52:17 Plate Mail Armor
54:07 Blast Furnace
53:08 Bracer
54:16 Chain Barding Armor
56:02 Elite Conquistador
Connection lost

Rejoining the realm…

Still unreachable

The connection could not be restored.

Session expired

The server has moved on; the page needs a fresh start.